 Dungeon Crawl Stone Soup version 0.28.0-43-g3370ac3207 (webtiles) character file.

Game seed: 9671409143252474089

236 Araneus the Insei (level 5, -5/41 HPs)
             Began as a Demonspawn Monk on Mar 11, 2022.
             Slain by Sigmund
             ... wielding a +1 scythe of protection
              (9 damage)
             ... on level 4 of the Dungeon.
             The game lasted 00:05:04 (4082 turns).

Araneus the Insei (Demonspawn Monk)                 Turns: 4082, Time: 00:05:05

Health: -5/41      AC:  8    Str: 13    XL:     5   Next: 77%
Magic:  5/5        EV: 10    Int: 11    God:
Gold:   148        SH:  0    Dex: 16    Spells: 4/4 levels left

rFire   . . .      SeeInvis .     - Unarmed
rCold   + . .      Faith    .   (no shield)
rNeg    + . .      Spirit   .   g - +1 scale mail {rN+}
rPois   +          Reflect  .   l - +0 helmet
rElec   .          Harm     .   (no cloak)
rCorr   .          Rampage  .   (no gloves)
Will    .....                   (no boots)
Stlth   +.........              (no amulet)
HPRegen 0.13/turn               q - ring of protection from cold
MPRegen 0.09/turn               i - ring of poison resistance

@: no status effects
A: powered by death 1, demonic touch 1
a: no special abilities


You were on level 4 of the Dungeon.
You visited 1 branch of the dungeon, and saw 4 of its levels.

You collected 148 gold pieces.

Inventory:

Armour
 g - a +1 scale mail of positive energy (worn)
 l - a +0 helmet (worn)
Jewellery
 i - a ring of poison resistance (right hand)
 q - a ring of protection from cold (left hand)
Scrolls
 a - 3 scrolls of enchant weapon {unknown}
 c - a scroll of blinking {unknown}
 f - 2 scrolls of teleportation {unknown}
 h - 6 scrolls of identify {unknown}
 j - a scroll of fog {unknown}
 k - 2 scrolls of summoning {unknown}
Potions
 b - a potion of magic {unknown}
 d - 2 potions of lignification {unknown}
 e - 2 potions of heal wounds {unknown}
 m - a potion of brilliance {unknown}
 n - 2 potions of curing {unknown}
 o - a potion of might {unknown}
 p - a potion of invisibility


   Skills:
 - Level 3.0 Fighting
 - Level 2.6 Dodging
 - Level 1.7 Stealth
 + Level 6.0 Unarmed Combat


You had 4 spell levels left.
You didn't know any spells.
Your spell library was empty.

Dungeon Overview and Level Annotations

Branches:
Dungeon (4/15)
 Temple: D:4-7

Altars:

Annotations:
D:4 Sigmund


Innate Abilities, Weirdness & Mutations

You regenerate a little health from kills.
Your touch may inflict minor irresistible damage on your foes.


Message History

Deactivating autopickup; reactivate with Ctrl-A.
A magic dart appears from out of thin air!
The magic dart hits you.
You closely miss the hobgoblin. Your touch misses the hobgoblin.
The hobgoblin hits you but does no damage.
You hit the hobgoblin.
The hobgoblin is moderately wounded.
A shadow imp comes into view.
The hobgoblin misses you.
The shadow imp shouts!
You hit the hobgoblin but do no damage. Your touch misses the hobgoblin.
The hobgoblin is moderately wounded.
The hobgoblin hits you but does no damage.
You hit the hobgoblin.
You kill the hobgoblin!
Something hits you.
Found 24 arrows.
Something hits you! The shadow imp gestures at you.
Something writhes in agony!
Something hits you!
Found a pair of boots.
Something hits you. The shadow imp misses you.
You closely miss the shadow imp.
You touch the shadow imp.
The shadow imp is moderately wounded.
Something hits you! The shadow imp misses you.
You are too injured to fight recklessly!
You are too injured to fight recklessly!
You are too injured to fight recklessly!
You are too injured to fight recklessly!
You are too injured to fight recklessly!
You are too injured to fight recklessly!
You are too injured to fight recklessly!
You are too injured to fight recklessly!
You are too injured to fight recklessly!
You are too injured to fight recklessly!
You are too injured to fight recklessly!
You are too injured to fight recklessly!
Something hits you!
* * * LOW HITPOINT WARNING * * *
Something hits you!
You die...

#.. .. #. ..#. #.#
#. #.# .#. #.# #.
... .. #.# ######.
#..#. #.# ......>
#..#.######.# #
##.
..#......?....##.#
#..
[.(..(..{........#
#..
.#....5@.##.####
#.#
.......###.)..#
#######.# #......
#....# #<.......
....... #..###
#.#####.# #.....#
#..# #.# #.#
#..... #..# #.#
#.# ....## #..#
#.# ###.# #.##
#..# ##.# #....
######..#
#..###..).


You could see a shadow imp.

Vanquished Creatures
  A water moccasin zombie (D:3)
  A jelly (D:3)
  A hound skeleton (D:4)
  Robin (D:2)
  5 adders
  2 worms (D:3)
  A dart slug (D:2)
  7 orcs (D:3)
  6 endoplasms (D:2)
  A giant cockroach (D:2)
  9 hobgoblins
  A jackal (D:1)
  4 quokkas
  4 ball pythons (D:2)
  6 bats
  3 frilled lizards
  12 goblins
  4 kobolds
  4 rats
73 creatures vanquished.

Notes
Turn   | Place    | Note
-------+----------+-------------------------------------------
     0 | D:1      | Araneus the Demonspawn Monk began the quest for the Orb.
     0 | D:1      | Reached XP level 1. HP: 18/18 MP: 1/1
   408 | D:1      | Reached skill level 3 in Unarmed Combat
   511 | D:1      | Gained mutation: Your touch may inflict minor irresistible
                  | damage on your foes. [demonic ancestry]
   511 | D:1      | Reached XP level 2. HP: 4/24 MP: 2/2
  2032 | D:2      | Found a faded altar of an unknown god.
  2146 | D:2      | Reached XP level 3. HP: 25/29 MP: 3/3
  2323 | D:2      | Reached skill level 4 in Unarmed Combat
  2614 | D:2      | Reached XP level 4. HP: 16/35 MP: 4/4
  2827 | D:2      | Noticed Robin
  2841 | D:2      | Killed Robin
  3231 | D:3      | Reached skill level 5 in Unarmed Combat
  3507 | D:3      | Gained mutation: You regenerate a little health from kills.
                  | [demonic ancestry]
  3507 | D:3      | Reached XP level 5. HP: 41/41 MP: 5/5
  4008 | D:4      | Reached skill level 6 in Unarmed Combat
  4071 | D:4      | Noticed Sigmund
  4082 | D:4      | Slain by Sigmund

Illustrated notes

Levels and vault maps discovered:
D:1:      beargit_arrival_greenhouse, layout_loops_ring, minmay_small_reverse_x
D:2:      minmay_inner_zag, layout_basic,
          dreamdust_ecumenical_altar_sealed_demon, minmay_misc_feat_encased,
          minmay_heptomino_l4, uniq_robin
D:3:      minmay_door_path, layout_basic
D:4:      layout_loops_ring, minmay_misc_feat_nine_boxes, uniq_sigmund

Skill      XL: |  1  2  3  4  5 |
---------------+----------------+-----
Unarmed Combat | 3 4 5 6 |  6.0
Fighting       | |  3.0
Dodging        | |  2.6
Stealth        | |  1.7

Action                   |  1- 3 |  4- 6 || total
-------------------------+-------+-------++-------
Melee: Unarmed           |   106 |   109 ||   215
       Punch             |     3 |     3 ||     6
       Touch             |    12 |    21 ||    33
Armor: Robe              |     9 |       ||     9
       Scale mail        |    25 |    46 ||    71
Dodge: Dodged            |    60 |    49 ||   109
